AoeStats
← Andrew Geek

Arabia

508682583Analyzed
1v1 RM · 8d ago on Sep 23, 2026· 44m 8s· 2 players
Game mode
Random Map
Map size
Tiny (2 player)
Population
200
Speed
Normal
Resources
Standard
Victory
Conquest
Starting age
Dark Age
Ending age
Imperial Age
RankedLock teamsTeams togetherTeam positionsShared explorationLock speedFull tech treeHidden civsTurbo modeCheats
Victory
Defeat
🇨🇴 Vikings · Colombia
1281
+15
🇪🇸 Mongols · Spain
1254
-15
Andrew Geek
2:10 Loom
10:11 Feudal Age
11:41 Double-Bit Axe
14:11 Horse Collar
15:12 Fletching
16:37 Town Watch
21:45 Castle Age
21:02 Padded Archer Armor
21:50 Crossbowman
22:50 Bodkin Arrow
23:56 Bow Saw
28:26 Ballistics
32:06 Pikeman
32:48 Squires
33:38 Forging
38:38 Imperial Age
39:36 Bracer
40:52 Leather Archer Armor
41:56 Chemistry
40:43 Arbalester
42:15 Conscription
41:36 Elite Skirmisher
42:51 Ring Archer Armor
n13s
4:56 Loom
9:58 Feudal Age
11:00 Double-Bit Axe
10:41 Man-at-Arms
12:08 Arson
20:17 Castle Age
19:48 Fletching
21:03 Forging
21:33 Bodkin Arrow
22:20 Padded Archer Armor
24:27 Leather Archer Armor
25:17 Scale Barding Armor
26:52 Bloodlines
30:40 Iron Casting
30:17 Horse Collar
31:46 Husbandry
31:45 Town Watch
32:42 Chain Barding Armor
36:13 Thumb Ring
35:48 Crossbowman
37:35 Wheelbarrow
37:12 Bow Saw
37:07 Heavy Plow
37:14 Gold Mining
42:59 Imperial Age
42:32 Ballistics
42:29 Thumb Ring
44:10 Hand Cart
43:37 Arbalester
Connection lost

Rejoining the realm…

Still unreachable

The connection could not be restored.

Session expired

The server has moved on; the page needs a fresh start.